 Dungeon Crawl Stone Soup version 0.31-a0-949-g57150269e1 (webtiles) character file.

Game seed: 9386899075327885435

1201 pokeman the Thaumaturge (level 8, -3/44 HPs)
             Began as a Deep Elf Hedge Wizard on Oct 22, 2023.
             Killed from afar by a steam dragon (13 damage)
             ... with a ball of steam
             ... on level 7 of the Dungeon.
             The game lasted 00:13:48 (7347 turns).

pokeman the Thaumaturge (Deep Elf Hedge Wizard)     Turns: 7347, Time: 00:13:49

Health: -3/44      AC:  8    Str:  7    XL:     8   Next: 21%
Magic:  2/23       EV: 13    Int: 22    God:
Gold:   331        SH:  0    Dex: 20    Spells: 18/26 levels left

rFire   . . .        a - +0 dagger
rCold   . . .        (no shield)
rNeg    . . .        b - +0 robe
rPois   .            G - +0 helmet
rElec   .            q - +0 cloak
rCorr   .            (no gloves)
SInv    .            (no boots)
Will    .....        (no amulet)
Stlth   +++          l - +4 ring of protection
HPRegen 0.27/turn    p - +6 ring of dexterity
MPRegen 0.18/turn

%: no passive effects
@: no status effects
A: no striking features
a: no special abilities


You were on level 7 of the Dungeon.
You visited 2 branches of the dungeon, and saw 8 of its levels.

You collected 331 gold pieces.

Inventory:

Hand Weapons
 a - a +0 dagger (weapon)
Missiles
 n - 2 throwing nets
Armour
 b - a +0 robe (worn)
 q - a +0 cloak (worn)
 B - the +3 scale mail "Ibyumij" {-Tele rElec rC+++ Dex-4}
   (You found it on level 5 of the Dungeon)

   Dex-4:     It affects your dexterity (-4).
   rC+++:     It renders you almost immune to cold.
   rElec:     It insulates you from electricity.
   -Tele:     It prevents most forms of teleportation.
 G - a +0 helmet (worn)
Magical Staves
 w - a staff of death
Jewellery
 c - a ring of poison resistance
 l - a +4 ring of protection (left hand)
 p - a +6 ring of dexterity (right hand)
 t - a ring of positive energy
 D - a +6 ring of strength
Wands
 i - a wand of mindburst (41)
 A - a wand of digging (2)
 H - a wand of iceblast (9)
Scrolls
 g - 2 scrolls of fear {unknown}
 h - 3 scrolls of teleportation {unknown}
 j - a scroll of poison {unknown}
 m - a scroll of immolation {unknown}
 o - 3 scrolls of identify {unknown}
 v - a scroll of torment {unknown}
 x - 4 scrolls of enchant weapon {unknown}
 y - 3 scrolls of vulnerability {unknown}
 E - a scroll of blinking {unknown}
Potions
 d - 2 potions of magic
 e - 3 potions of haste {unknown}
 f - a potion of attraction {unknown}
 k - a potion of enlightenment {unknown}
 r - 2 potions of lignification {unknown}
 s - 2 potions of heal wounds {unknown}
 u - 2 potions of degeneration {unknown}
 z - a potion of curing {unknown}
 C - a potion of might {unknown}
 F - a potion of mutation {unknown}


   Skills:
 - Level 2.0 Fighting
 + Level 2.5 Armour
 - Level 3.0 Dodging
 - Level 3.0 Stealth
 * Level 9.6 Spellcasting
 + Level 5.0 Conjurations
 - Level 1.1 Summonings
 - Level 2.0 Necromancy
 - Level 1.1 Translocations
 - Level 1.0 Air Magic
 - Level 1.0 Poison Magic
 - Level 1.0 Evocations


You had 18 spell levels left.
You knew the following spells:

 Your Spells              Type           Power      Damage    Failure   Level
a - Magic Dart            Conj           100%       1d8       1%          1
b - Mephitic Cloud        Conj/Pois/Air  21%        N/A       7%          3
c - Call Imp              Summ           30%        N/A       6%          2
d - Blink                 Tloc           30%        N/A       6%          2

Your spell library contained the following spells:

 Spells                   Type           Power      Damage    Failure   Level
 Momentum Strike          Conj/Tloc      48%        3d9       2%          2
 Cigotuvi's Dreadful Rot  Necr/Pois/Air  32%        N/A       5%          2
 Slow                     Hex            40%        N/A       6%          1
 Lesser Beckoning         Tloc           30%        N/A       6%          2
 Ensorcelled Hibernation  Hex/Ice        20%        N/A       10%         2
 Passwall                 Tmut/Erth      8%         N/A       10%         2
 Swiftness                Air            14%        N/A       13%         3
 Inner Flame              Hex/Fire       10%        N/A       19%         3
 Manifold Assault         Tloc           15%        N/A       36%         4
 Yara's Violent Unravell  Hex/Tmut       5%         3d4       87%         5
 Enfeeble                 Hex            5%         N/A       100%        7


Dungeon Overview and Level Annotations

Branches:
Dungeon (7/15)             Temple (1/1) D:4

Altars:
Cheibriados
Dithmenos
Elyvilon
Fedhas
Gozag
Hepliaklqana
Kikubaaqudgha
Makhleb
Nemelex Xobeh
Okawaru
Qazlal
Trog
Uskayaw
Xom
Yredelemnul
Zin
The Shining One

Shops:
D:3 *   D:5 *

Annotations:
D:3 2 runed translucent doors, sammy202020's ghost, weakling MiFi


Message History

Aiming: Mephitic Cloud (dangerous; 7% risk of failure)
Press: ? - help, Shift-Dir - straight line, f - steam dragon
Aim: a steam dragon (chance to affect: 81%)
The ball explodes into a vile cloud!
The stinking cloud engulfs the steam dragon but does no damage.
The stinking cloud engulfs the orc but does no damage.
The orc is severely wounded.
You hear an angry hiss.
The steam dragon is engulfed in noxious fumes.
The steam dragon breathes steam at you. The ball of steam hits you!
* * * LOW HITPOINT WARNING * * *
The orc warrior hits you with a +0 scimitar.
* * * LOW HITPOINT WARNING * * *
Unknown command.
Unknown command.
The steam dragon is engulfed in noxious fumes.
The orc is engulfed in noxious fumes.
Unknown command.
The orc warrior mumbles something.
Casting: Mephitic Cloud (dangerous; 7% risk of failure)
Confirm with . or Enter, or press ? or * to list all spells.
Aiming: Magic Dart (safe; 1% risk of failure)
Press: ? - help, Shift-Dir - straight line, f/p - steam dragon
Aim: a steam dragon (100% to hit)
The magic dart hits the orc!
You kill the orc!
Unknown command.
Casting: Magic Dart (safe; 1% risk of failure)
Confirm with . or Enter, or press ? or * to list all spells.
Aiming: Mephitic Cloud (dangerous; 7% risk of failure)
Press: ? - help, Shift-Dir - straight line, f/p - steam dragon
Aim: a steam dragon (chance to affect: 81%)
The ball explodes into a vile cloud!
The stinking cloud engulfs the steam dragon but does no damage.
You hear the creaking of a distant portcullis.
The steam dragon is engulfed in noxious fumes.
The steam dragon breathes steam at you. The ball of steam hits you!
You die...

#.....# ##.....# #####......#
#...##.....## #...#......#. .#
## #........... ...###(
######...#....... .......
##..........###...
#......######@............#.#.
#.....<)..☼D§............##.##
#.....oo..................###
....##......o§.............#
... #######...§..S......... .
#...$............
##.............Y
............##. .. ########.#
.S


You could see a steam dragon (catching breath), an orc warrior (confused), a
water moccasin, an orc priest (confused) and an orc (confused).

Vanquished Creatures
  A water moccasin (D:6)
  2 centaurs
  A bullfrog (D:7)
  A scorpion (D:5)
  An orc priest (D:4)
  4 hounds
  2 jellies
  A gnoll bouda (D:5)
  5 iguanas
  3 orc wizards
  Ijyb (D:5)
  9 gnolls
  9 adders
  A shadow imp (D:5)
  A white imp (D:6)
  5 ufetubi
  2 dart slugs
  12 orcs
  7 bats
  8 endoplasms
  3 giant cockroaches
  7 goblins
  7 hobgoblins
  4 jackals (D:4)
  3 quokkas
  2 ball pythons
  A frilled lizard (D:1)
  5 kobolds
  6 rats
  A spectral hobgoblin (D:1)
115 creatures vanquished.

Vanquished Creatures (collateral kills)
  A gnoll bouda (D:4)
  A gnoll (D:4)
  An orc (D:7)
3 creatures vanquished.

Grand Total: 118 creatures vanquished

Notes
Turn   | Place    | Note
-------+----------+-------------------------------------------
     0 | D:1      | pokeman the Deep Elf Hedge Wizard began the quest for the
                  | Orb.
     0 | D:1      | Reached XP level 1. HP: 10/10 MP: 7/7
   507 | D:1      | Reached XP level 2. HP: 16/16 MP: 4/9
   575 | D:1      | Found a faded altar of an unknown god.
  1276 | D:2      | Reached skill level 5 in Spellcasting
  1620 | D:2      | Reached XP level 3. HP: 20/20 MP: 3/11
  1628 | D:2      | Learned a level 3 spell: Mephitic Cloud
  1631 | D:2      | Learned a level 2 spell: Call Imp
  1634 | D:2      | Learned a level 2 spell: Blink
  1773 | D:2      | Reached skill level 1 in Armour
  1831 | D:2      | Reached skill level 1 in Fighting
  2040 | D:2      | Found a bloodstained altar of Trog.
  2085 | D:2      | Reached XP level 4. HP: 12/25 MP: 1/13
  2741 | D:3      | Found a large runed translucent door.
  2742 | D:3      | Found a large runed translucent door.
  2744 | D:3      | Noticed sammy202020's ghost (weakling MiFi)
  2755 | D:3      | Found Magry's Assorted Antiques.
  3050 | D:3      | Found a white marble altar of Elyvilon.
  3112 | D:3      | Reached skill level 6 in Spellcasting
  3467 | D:4      | Reached XP level 5. HP: 29/29 MP: 12/15
  3880 | D:4      | Reached skill level 1 in Evocations
  3896 | D:4      | Reached skill level 1 in Air Magic
  3896 | D:4      | Reached skill level 1 in Poison Magic
  4057 | D:4      | Reached XP level 6. HP: 34/34 MP: 10/17
  4209 | D:4      | Found a staircase to the Ecumenical Temple.
  4238 | Temple   | Entered the Ecumenical Temple
  4548 | D:4      | Reached skill level 7 in Spellcasting
  5128 | D:5      | Entered Level 5 of the Dungeon
  5191 | D:5      | Reached skill level 1 in Necromancy
  5333 | D:5      | Reached XP level 7. HP: 26/39 MP: 5/20
  5435 | D:5      | Found Goroorphiomi's General Store.
  5659 | D:5      | Found a snail-covered altar of Cheibriados.
  5674 | D:5      | Reached skill level 8 in Spellcasting
  5752 | D:5      | Identified the +3 scale mail "Ibyumij" {-Tele rElec rC+++
                  | Dex-4}
  5846 | D:5      | Noticed Ijyb
  5860 | D:5      | Killed Ijyb
  5909 | D:5      | Found a shimmering altar of Xom.
  6646 | D:6      | Reached skill level 9 in Spellcasting
  7062 | D:6      | Reached XP level 8. HP: 42/44 MP: 19/23
  7176 | D:7      | Reached skill level 5 in Conjurations
  7347 | D:7      | Killed from afar by a steam dragon

Illustrated notes

Levels and vault maps discovered:
D:1:      beargit_arrival_greenhouse, layout_loops_corners,
          dreamdust_ecumenical_altar_drowned_temple
D:2:      layout_basic, basic_altar, minmay_octomino_j4
D:3:      layout_basic, lemuel_crystal_altar, serial_shops,
          nicolae_shop_just_a_little_nook, ebering_ghost_disaster_area
D:4:      minmay_skewed_foursquare, layout_basic, minmay_temple_entry_trees
D:5:      layout_rooms, amcnicky_altar_gilded, mainiacjoe_overflow_boulevard,
          serial_shops, nicolae_diamond_shop, uniq_ijyb
D:6:      layout_basic, minivault_1
D:7:      layout_rooms, kennysheep_mini_moat, enter_bailey_2,
          ebering_ghost_disaster_area, minmay_crossroads
Temple:   compressed_dpeg_circular_temple

Skill      XL: |  1  2  3  4  5  6  7  8 |
---------------+-------------------------+-----
Spellcasting   | 5 6 7 9 |  9.6
Armour         | 1 2 |  2.5
Conjurations   | 2 3 4 5 |  5.0
Fighting       | 1 2 |  2.0
Dodging        | 3 |  3.0
Stealth        | 3 |  3.0
Evocations     | 1 |  1.0
Air Magic      | 1 |  1.0
Poison Magic   | 1 |  1.0
Necromancy     | 1 2 |  2.0
Summonings     | |  1.1
Translocations | |  1.1

Action                     |  1- 3 |  4- 6 |  7- 9 || total
---------------------------+-------+-------+-------++-------
  Melee: Dagger            |    14 |    58 |    30 ||   102
         Punch             |       |     2 |     2 ||     4
   Cast: Magic Dart        |   105 |   137 |   119 ||   361
         Mephitic Cloud    |     1 |    13 |    15 ||    29
         Call Imp          |     1 |     2 |     2 ||     5
         Blink             |       |       |     1 ||     1
   Stab: Sleeping          |     1 |       |       ||     1
         Confused          |       |    12 |     6 ||    18
 Armour: Robe              |    18 |    30 |    38 ||    86
  Dodge: Dodged            |    29 |    50 |    36 ||   115

Table legend: (Time is in decaauts)
 A = Elapsed time spent in this place.
 B = Non-inter-level travel time spent in this place.
 C = Inter-level travel time spent in this place.
 D = Time resting spent in this place.
 E = Time spent auto-exploring this place.
 F = Levels seen in this place.
 G = Mean time per level.
                   A        B        C        D        E       F      G
               +--------+--------+--------+--------+--------+-----+--------+
         Total |   7352 |   7231 |    121 |      5 |   6196 |   8 |  919.0 |
       Dungeon |   7350 |   7229 |    121 |      5 |   6196 |   7 | 1050.0 |
        Temple |      1 |      1 |      0 |      0 |      0 |   1 |    1.0 |
               +--------+--------+--------+--------+--------+-----+--------+

Top non-repeatable levels by time:
     D:4: 1765 daAuts
     D:2: 1466 daAuts
     D:1: 1210 daAuts
     D:6: 1143 daAuts
     D:5: 817 daAuts
     D:3: 744 daAuts
     D:7: 202 daAuts
  Temple: 1 daAuts
